 Dungeon Crawl Stone Soup version 0.23.0-3-gf3c87f2df8 (webtiles) character file.

Game seed: 12615828500713155148

4037 Esekla the Carver (level 10, -10/81 HPs)
             Began as a Grey Draconian Skald on Feb 23, 2019.
             Was a Believer of Ashenzari.
             Mangled by Psyche
             ... wielding a +0 dagger of distortion
              (20 damage)
             ... on level 8 of the Dungeon.
             The game lasted 01:18:43 (9044 turns).

Esekla the Carver (Grey Draconian Skald)            Turns: 9044, Time: 01:18:43

Health: -10/81     AC: 14    Str: 18    XL:     10   Next: 4%
Magic:  13/15      EV: 15    Int: 18    God:    Ashenzari [**....]
Gold:   459        SH:  0    Dex: 15    Spells: 5/16 levels left

rFire    . . .     SeeInvis .   G - +9 dagger "Ufinyk" {venom, Fragile MR++ Int+5} (curse)
rCold    + . .     Gourm    .   (no shield)
rNeg     . . .     Faith    .   (armour unavailable)
rPois    .         Spirit   .   (helmet restricted)
rElec    .         Reflect  .   x - +0 cloak (curse)
rCorr    .         Harm     .   (no gloves)
MR       ++...                  D - +0 pair of boots (curse)
Stlth    +.........             (no amulet)
HPRegen  0.23/turn              v - +4 ring of dexterity
MPRegen  0.14/turn              B - +3 ring of dexterity

@: marked
A: walk through water, unfitting armour, clumsy 1, cold resistance 1, dopey 1,
strong 1, unbreathing, cold-blooded, AC +12
a: Curse Item, Scrying, Renounce Religion


You were on level 8 of the Dungeon.
You worshipped Ashenzari.
Ashenzari was pleased with you.
You were not hungry.

You visited 1 branch of the dungeon, and saw 9 of its levels.

You collected 498 gold pieces.
You spent 39 gold pieces at shops.

Inventory:

Hand Weapons
 a - a +0 falchion
 F - a +1 trident of venom
 G - the cursed +9 dagger "Ufinyk" (weapon) {venom, Fragile MR++ Int+5}
   (You found it on level 8 of the Dungeon)

   It poisons the flesh of those it strikes.
   It affects your intelligence (+5).
   It affects your resistance to hostile enchantments.
   It will be destroyed if unequipped.
   It has a curse placed upon it.
Missiles
 l - 15 tomahawks (quivered)
Armour
 x - a cursed +0 cloak (worn)
 D - a cursed +0 pair of boots (worn)
Jewellery
 d - an uncursed ring of protection from cold
 o - an uncursed ring of positive energy
 v - a +4 ring of dexterity (left hand)
 z - an uncursed ring of fire
 B - a +3 ring of dexterity (right hand)
Wands
 t - a wand of polymorph (5)
 A - a wand of digging (4)
Scrolls
 b - a scroll of magic mapping
 e - 4 scrolls of remove curse
 f - 3 scrolls of amnesia
 h - a scroll of fear {unknown}
 p - a scroll of identify
 s - a scroll of enchant armour {unknown}
 y - 2 scrolls of fog
 C - a scroll of blinking {unknown}
 E - a scroll of teleportation
Potions
 g - 2 potions of curing
 i - a potion of brilliance
 j - a potion of resistance {unknown}
 k - a potion of magic {unknown}
 m - a potion of haste {unknown}
 n - a potion of might
 q - 2 potions of flight
 r - a potion of ambrosia {unknown}
 u - 4 potions of lignification
 w - a potion of degeneration {unknown}
 H - a potion of agility {unknown}
 I - a potion of berserk rage {unknown}
Comestibles
 c - 7 rations


   Skills:
 + Level 5.1 Fighting
 * Level 1.8(7.2) Short Blades
 - Level 9.8(9.9) Long Blades
 + Level 5.2 Dodging
 + Level 3.6 Spellcasting
 * Level 1.5 Hexes
 + Level 4.6 Charms
 + Level 4.5 Necromancy
 - Level 3.2 Translocations


You had 5 spell levels left.
You knew the following spells:

 Your Spells              Type           Power        Failure   Level  Hunger
a - Infusion              Chrm           ###.         2%          1    None
b - Shroud of Golubria    Chrm/Tloc      ###.......   4%          2    ##.....
c - Song of Slaying       Chrm           ###.....     3%          2    ##.....
d - Spectral Weapon       Hex/Chrm       ##......     13%         3    ###....
e - Regeneration          Chrm/Necr      ###.......   7%          3    ###....

Your spell library contained the following spells:

 Spells                   Type           Power        Failure   Level  Hunger


Dungeon Overview and Level Annotations

Branches:
Dungeon (9/15)             Temple (0/1) D:5
   Lair: D:8-11         Orc: D:9-12

Altars:
Ashenzari
Qazlal
Zin

Shops:
D:5 *

Annotations:
D:7 1 runed translucent door, Naridas's ghost, novice OpAs
D:8 Erolcha; Psyche
D:9 Maurice


Innate Abilities, Weirdness & Mutations

You can walk through water.
Your dull iron-grey scales are very hard. (AC +12)
You cannot fit into any form of body armour.
You can survive without breathing.
You are cold-blooded and may be slowed by cold attacks.
You are clumsy. (Dex -2)
Your flesh is cold resistant. (rC+)
You are dopey. (Int -2)
Your muscles are strong. (Str +2)


Message History

Psyche barely misses you.
You climb upwards.
Your summoned ally is left behind.
Your spectral weapon fades away.
Psyche pulls the alarm!
The alarm trap emits a blaring wail!
A sentinel's mark forms upon you.
There is a stone staircase leading down here.
Psyche smiles happily.
Psyche casts a cantrip, but nothing happens.
Psyche hits you but does no damage.
You feel strangely unstable.
Erolcha looks more healthy.
Psyche hits you but does no damage.
You blink.
Erolcha closely misses you. Psyche completely misses you.
Your surroundings suddenly seem different.
Psyche laughs secretively.
Psyche glows with a rainbow of weird force.
You closely miss Psyche. You tail-slap Psyche, but do no damage.
Psyche hits you but does no damage. Space warps horribly around you!!
* * * LOW HITPOINT WARNING * * *
Psyche hits you but does no damage. Space warps horribly around you!!
You die...

.#######.# #..# #).......).
.# #.# #..# #.######... .#
##.###..# #.# ##.. ##
#...##..###### #.# #..
#.#..........# #.# #..
#...##..####.# #<# #..
######..####.####.########.
#..........[).........
#...<@@..[..[#########
#######.#####..[...... #.#
#......... #.# #..#####..
#.#####..# ##...
#........###....
#.#####.###.....
#.##............
#######.......###.....


You could see Psyche.

Vanquished Creatures
  Pikel (D:7)
  An ugly thing (D:8)
  Prince Ribbit (D:7)
  2 hungry ghosts (D:7)
  Grum (D:8)
  3 ice beasts
  An orc warrior (D:8)
  An ogre (D:7)
  2 wolves (D:7)
  2 centaurs (D:7)
  Blork the orc (D:5)
  2 bullfrogs (D:8)
  A wyvern zombie (D:6)
  3 scorpions
  8 crimson imps
  4 hounds
  A centaur zombie (D:7)
  9 orc priests
  A jelly (D:6)
  A centaur skeleton (D:5)
  6 orc wizards
  Natasha (thrice) (D:4)
  3 iguanas
  12 worker ants
  A hound skeleton (D:4)
  A howler monkey skeleton (D:4)
  6 adders
  4 gnolls (D:3)
  A shadow imp (D:7)
  An ooze (D:5)
  An adder skeleton (D:5)
  2 worms
  2 dart slugs
  3 leopard geckos
  22 orcs
  2 ball pythons
  6 giant cockroaches
  7 goblins
  2 hobgoblins (D:3)
  7 jackals
  A quokka (D:7)
  7 bats
  3 frilled lizards
  A kobold (D:3)
  A quokka skeleton (D:7)
  5 rats
156 creatures vanquished.

Vanquished Creatures (others)
  A slave (D:7)
  A jelly (D:7)
  A shadow imp (D:7)
  A spectral weapon (D:9)
4 creatures vanquished.

Grand Total: 160 creatures vanquished

Notes
Turn   | Place    | Note
-------+----------+-------------------------------------------
     0 | D:1      | Esekla the Draconian Skald began the quest for the Orb.
     0 | D:1      | Reached XP level 1. HP: 17/17 MP: 3/3
   150 | D:2      | Noticed a worker ant
   192 | D:1      | Found a shattered altar of Ashenzari.
   199 | D:1      | Became a worshipper of Ashenzari the Shackled
   269 | D:1      | Reached XP level 2. HP: 18/25 MP: 5/5
   801 | D:2      | Reached skill level 3 in Long Blades
   801 | D:2      | Reached XP level 3. HP: 21/30 MP: 6/6
   805 | D:2      | Learned a level 2 spell: Song of Slaying
  1399 | D:3      | Reached XP level 4. HP: 12/37 MP: 7/7
  1874 | D:3      | Reached skill level 4 in Long Blades
  1897 | D:3      | Learned a level 3 spell: Regeneration
  2467 | D:3      | Reached XP level 5. HP: 43/44 MP: 1/8
  2976 | D:4      | Reached skill level 5 in Long Blades
  3229 | D:3      | Learned a level 2 spell: Shroud of Golubria
  3237 | D:4      | Reached skill level 1 in Necromancy
  3237 | D:4      | Reached XP level 6. HP: 29/51 MP: 6/9
  3417 | D:4      | Reached * piety under Ashenzari
  3561 | D:4      | Noticed Natasha
  3573 | D:4      | Killed Natasha
  3836 | D:4      | Noticed Natasha
  3849 | D:4      | Killed Natasha
  3971 | D:4      | Noticed Natasha
  3979 | D:4      | Killed Natasha
  4021 | D:4      | Reached skill level 1 in Translocations
  4291 | D:5      | Entered Level 5 of the Dungeon
  4337 | D:5      | Found a glowing silver altar of Zin.
  4369 | D:5      | Noticed an ice beast
  4377 | D:5      | Your scales start taking on a dull iron-grey colour.
  4377 | D:5      | Reached XP level 7. HP: 50/57 MP: 5/10
  4377 | D:5      | Gained mutation: You can survive without breathing. [Grey
                  | Draconian growth]
  4392 | D:5      | Reached skill level 6 in Long Blades
  4526 | D:5      | Found Caediy Ceto's General Store.
  4529 | D:5      | Bought a potion of lignification for 39 gold pieces
  4538 | D:5      | Noticed Blork the orc
  4558 | D:5      | Killed Blork the orc
  4666 | D:5      | Found a staircase to the Ecumenical Temple.
  4803 | D:5      | Found a stormy altar of Qazlal.
  5122 | D:5      | Reached skill level 7 in Long Blades
  5267 | D:6      | Reached XP level 8. HP: 64/64 MP: 11/11
  6044 | D:6      | Reached ** piety under Ashenzari
  6440 | D:8      | Noticed Grum
  6475 | D:7      | Reached skill level 8 in Long Blades
  6518 | D:7      | Found a runed translucent door.
  6518 | D:7      | Noticed Naridas's ghost (novice OpAs)
  6615 | D:7      | Noticed Prince Ribbit
  7038 | D:7      | Noticed Pikel
  7059 | D:7      | Killed Pikel
  7059 | D:7      | Reached XP level 9. HP: 18/72 MP: 5/13
  7401 | D:7      | Killed Prince Ribbit
  7401 | D:7      | Reached skill level 9 in Long Blades
  8219 | D:8      | Killed Grum
  8333 | D:8      | Gained mutation: Your body sometimes deteriorates upon
                  | taking damage. [potion of mutation]
  8333 | D:8      | Gained mutation: You possess an exceptional clarity of
                  | mind. [potion of mutation]
  8333 | D:8      | Gained mutation: You evolve. [potion of mutation]
  8334 | D:8      | Lost mutation: You possess an exceptional clarity of mind.
                  | [potion of mutation]
  8334 | D:8      | Lost mutation: Your body sometimes deteriorates upon taking
                  | damage. [potion of mutation]
  8334 | D:8      | Lost mutation: You evolve. [potion of mutation]
  8334 | D:8      | Gained mutation: You are clumsy. (Dex -2) [potion of
                  | mutation]
  8334 | D:8      | Gained mutation: Your muscles are strong. (Str +2) [potion
                  | of mutation]
  8334 | D:8      | Gained mutation: You are dopey. (Int -2) [potion of
                  | mutation]
  8334 | D:8      | Gained mutation: Your flesh is cold resistant. (rC+)
                  | [potion of mutation]
  8389 | D:8      | Identified the +9 dagger "Ufinyk" {venom, Fragile MR++
                  | Int+5}
  8399 | D:8      | Learned a level 3 spell: Spectral Weapon
  8448 | D:8      | Reached skill level 5 in Dodging
  8545 | D:8      | Noticed a white ugly thing
  8561 | D:8      | Killed a red ugly thing
  8561 | D:8      | Reached skill level 5 in Fighting
  8561 | D:8      | Reached skill level 1 in Short Blades
  8561 | D:8      | Reached skill level 1 in Hexes
  8561 | D:8      | Reached XP level 10. HP: 81/81 MP: 9/15
  8849 | D:9      | Noticed Erolcha
  8886 | D:9      | Noticed Psyche
  9021 | D:9      | Noticed Maurice
  9044 | D:8      | Mangled by Psyche

Skill      XL: |  1  2  3  4  5  6  7  8  9 |
---------------+----------------------------+-----
Long Blades    | 3 4 5 7 8 9 |  9.8
Dodging        | 3 4 5 |  5.2
Fighting       | 3 4 5 |  5.1
Necromancy     | 1 2 4 |  4.5
Translocations | 1 2 3 |  3.2
Charms         | 3 4 |  4.6
Spellcasting   | 3 |  3.6
Short Blades   | 1 |  1.8
Hexes          | 1 |  1.5

Action                   |  1- 3 |  4- 6 |  7- 9 | 10-12 || total
-------------------------+-------+-------+-------+-------++-------
Melee: Falchion          |    97 |   209 |   610 |       ||   916
       Tailslap          |    11 |    30 |    82 |     4 ||   127
       Dagger            |       |       |    17 |    26 ||    43
Throw: Tomahawk          |       |     5 |    20 |     1 ||    26
 Cast: Song of Slaying   |       |     4 |     3 |       ||     7
       Regeneration      |       |     2 |     4 |     2 ||     8
       Infusion          |       |     7 |    10 |       ||    17
       Shroud of Golubri |       |     4 |     8 |       ||    12
       Spectral Weapon   |       |       |       |     2 ||     2
Invok: Curse Item        |       |       |     3 |       ||     3
  Use: Scroll            |       |     5 |     5 |       ||    10
       Potion            |       |       |     3 |       ||     3
 Stab: Distracted        |       |       |     1 |       ||     1
  Eat: Ration            |     1 |     3 |     7 |       ||    11
       Chunk             |       |       |     1 |       ||     1
Armor: Skin              |    29 |    67 |   206 |    13 ||   315
Dodge: Dodged            |    76 |   160 |   294 |    26 ||   556
       Rpst.: Falchion   |    32 |    51 |    92 |       ||   175
